 Dungeon Crawl Stone Soup version 0.32-a0-18-g89e19f1974 (webtiles) character file.

Game seed: 6591518628391265266

301328 seren the Metamorph (level 20, -16/174 (180) HPs)
             Began as a Grey Draconian Shapeshifter on Jan 14, 2024.
             Was the Champion of Nemelex Xobeh.
             Demolished by a +1 glaive of holy wrath (18 damage)
             ... on level 2 of the Elven Halls on Jan 16, 2024.
             The game lasted 03:18:52 (44557 turns).

seren the Metamorph (Grey Draconian Shapeshifter)  Turns: 44557, Time: 03:18:53

HP:   -16/174 (180) AC: 26    Str: 24    XL:     20   Next: 19%
MP:   29/29         EV: 18    Int: 10    God:    Nemelex Xobeh [******]
Gold: 2165          SH: 17    Dex: 13    Spells: 17/20 levels left

rFire   . .          .
                       - Unarmed
rCold   . . .        K - +0 kite shield
rNeg    + . .        (body armour unavailable)
rPois   .            z - +2 hat
rElec   .            L - +2 cloak {Will+}
rCorr   .            g - +2 pair of gloves
SInv    +            h - +2 pair of boots {Stlth+}
Will    ++...        b - amulet of reflection
Stlth   +++++        R - ring of see invisible
HPRegen 0.49/turn    B - ring of positive energy
MPRegen 0.21/turn

%: reflection
@: maw-form, hasted, studying Dodging, lightly drained, very quick
A: devouring maw, AC +15, amphibious, unfitting armour, cold-blooded
}: 2/15 runes: barnacled, gossamer
a: Begin Untransformation, Renounce Religion, Draw Escape, Draw Destruction,
Draw Summoning, Triple Draw, Deal Four, Stack Five


You were on level 2 of the Elven Halls.
You worshipped Nemelex Xobeh.
Nemelex Xobeh was exalted by your worship.
You were a creature with a mouth for a stomach.
You visited 8 branches of the dungeon, and saw 35 of its levels.
You also visited: Ossuary and Desolation.

You collected 3963 gold pieces.
You spent 1798 gold pieces at shops.

Inventory:

Missiles
 x - 5 throwing nets {!f}
Armour
 g - a +2 pair of gloves (worn)
 h - a +2 pair of boots of stealth (worn)
 p - a scarf of resistance
 z - a +2 hat (worn)
 K - a +0 kite shield (worn)
 L - a +2 cloak of willpower (worn)
 Z - the +2 cloak of Huileodi {Regen+ Dex+3}
   (You found it on level 3 of the Spider Nest)

   Dex+3:     It affects your dexterity (+3).
   Regen+:    It increases your rate of health regeneration.
Jewellery
 a - the dreamshard necklace {Acrobat *Dream}
   (You found it in the Desolation of Salt)

   [amulet of the acrobat]

   *Dream:    It absorbs a single lethal wound into itself, holding its wearer
   just short of death and releasing dream-creatures to guard them.
   Acrobat:   It increases your evasion while moving and waiting.
 b - an amulet of reflection (around neck)
 o - the ring of the Orange Skies {Dex+6 Slay+2}
   (You bought it in a shop on level 10 of the Dungeon)

   [ring of dexterity]

   Dex+6:     It affects your dexterity (+6).
   Slay+2:    It affects your accuracy & damage with ranged weapons and melee
   (+2).
 w - a ring of resist corrosion
 B - a ring of positive energy (right hand)
 O - a ring of protection from fire
 R - a ring of see invisible (left hand)
 W - a ring of protection from cold
 X - a ring of poison resistance
Talismans
 c - a flux talisman
 r - a blade talisman
 N - a maw talisman (active)
 U - a dragon-blood talisman
Wands
 f - a wand of paralysis (5) (quivered)
 j - a wand of light (18)
 l - a wand of mindburst (5)
 v - a wand of digging (6)
 Q - a wand of flame (47)
 V - a wand of polymorph (7)
Scrolls
 e - 2 scrolls of fear
 k - 6 scrolls of teleportation {!r}
 n - 4 scrolls of identify
 s - 8 scrolls of poison
 t - 3 scrolls of summoning
 u - 2 scrolls of revelation
 y - a scroll of torment
 G - a scroll of blinking {!r}
 M - 2 scrolls of silence
 S - 5 scrolls of fog
Potions
 d - 16 potions of curing
 i - 4 potions of enlightenment
 m - 4 potions of berserk rage
 q - 4 potions of lignification
 A - 3 potions of resistance
 C - 4 potions of haste
 H - 3 potions of invisibility
 I - 3 potions of mutation {!q}
 T - 3 potions of might
Miscellaneous
 F - a lightning rod (4/4)
 P - a phial of floods


   Skills:
 + Level 16.1 Fighting
 + Level 16.0 Dodging
 - Level 8.0 Stealth
 * Level 12.7 Shields
 + Level 15.4 Unarmed Combat
 - Level 0.8 Spellcasting
 - Level 1.2 Earth Magic
 + Level 13.1 Invocations
 - Level 6.1 Evocations
 + Level 16.4 Shapeshifting


You had 17 spell levels left.
You knew the following spells:

 Your Spells              Type           Power      Damage    Failure   Level
a - Passwall              Erth           2%         N/A       69%         3

Your spell library contained the following spells:

 Spells                   Type           Power      Damage    Failure   Level
 Foxfire                  Conj/Fire      0%         2x1d4     50%         1
 Freeze                   Ice            0%         1d3       50%         1
 Necrotise                Necr           0%         1d4       50%         1
 Shock                    Conj/Air       0%         1d3       50%         1
 Cigotuvi's Dreadful Rot  Necr/Alch/Air  0%         N/A       63%         2
 Ensorcelled Hibernation  Hex/Ice        0%         N/A       63%         2
 Lesser Beckoning         Tloc           0%         N/A       63%         2
 Mercury Vapours          Alch/Air       0%         N/A       63%         2
 Scorch                   Fire           0%         2d5       63%         2
 Stone Arrow              Conj/Erth      2%         3d7       78%         3
 Call Canine Familiar     Summ           0%         N/A       86%         3
 Dazzling Flash           Conj/Hex       0%         N/A       86%         3
 Frozen Ramparts          Ice            0%         1d1       86%         3
 Gell's Gravitas          Tloc           0%         N/A       86%         3
 Hailstorm                Conj/Ice       0%         3d5       86%         3
 Inner Flame              Hex/Fire       0%         N/A       86%         3
 Sigil of Binding         Hex            0%         N/A       86%         3
 Summon Ice Beast         Ice/Summ       0%         N/A       86%         3
 Swiftness                Air            0%         N/A       86%         3
 Teleport Other           Tloc           0%         N/A       86%         3
 Volatile Blastmotes      Fire/Tloc      0%         2d10      86%         3
 Airstrike                Air            0%         2d(0-16)  99%         4
 Anguish                  Hex/Necr       0%         N/A       99%         4
 Dimensional Bullseye     Hex/Tloc       0%         N/A       99%         4
 Flame Wave               Conj/Fire      0%         2d4       99%         4
 Fulminant Prism          Conj/Alch      0%         3d5       99%         4
 Manifold Assault         Tloc           0%         N/A       99%         4
 Olgreb's Toxic Radiance  Alch           0%         N/A       99%         4
 Summon Blazeheart Golem  Fire/Summ      0%         N/A       99%         4
 Vhi's Electric Charge    Tloc/Air       0%         N/A       99%         4
 Fireball                 Conj/Fire      0%         3d3       100%        5
 Summon Forest            Summ/Tloc      0%         N/A       100%        5
 Summon Mana Viper        Hex/Summ       0%         N/A       100%        5
 Yara's Violent Unravell  Hex/Alch       0%         3d3       100%        5
 Death Channel            Necr           0%         N/A       100%        6
 Dispersal                Tloc           0%         N/A       100%        6
 Eringya's Noxious Bog    Alch           0%         4d6       100%        6
 Plasma Beam              Fire/Air       0%         2x1d10    100%        6
 Starburst                Conj/Fire      0%         6d3       100%        6
 Summon Cactus Giant      Summ           0%         N/A       100%        6
 Malign Gateway           Summ/Tloc      0%         N/A       100%        7
 Monstrous Menagerie      Summ           0%         N/A       100%        7
 Orb of Destruction       Conj           0%         9d5       100%        7
 Spellforged Servitor     Conj/Summ      0%         N/A       100%        7
 Discord                  Hex            0%         N/A       100%        8
 Disjunction              Tloc           0%         N/A       100%        8
 Ignition                 Fire           0%         3d3       100%        8
 Maxwell's Capacitive Co  Air            0%         ∞         100%        8
 Animate Armour           Summ/Erth      Unusable   N/A       N/A         4

Dungeon Overview and Level Annotations

Branches:
Dungeon (15/15)            Temple (1/1) D:7            Lair (5/5) D:11
 Shoals (4/4) Lair:2       Spider (4/4) Lair:2        Slime (0/5) Lair:4
    Orc (2/2) D:9             Elf (2/3) Orc:2        Vaults (2/5) D:14
 Depths (0/4) D:15        Ossuary (visited)         Desolation (visited)
  Crypt: Vaults:2-3

Altars:
Ashenzari
Cheibriados
Dithmenos
Elyvilon
Fedhas
Gozag
Hepliaklqana
Kikubaaqudgha
Makhleb
Nemelex Xobeh
Okawaru
Qazlal
Ru
Sif Muna
Trog
Uskayaw
Vehumet
Wu Jian
Xom
Yredelemnul
Zin
The Shining One

Shops:
D:2 [   D:5 (([   D:10 =   D:11 *   D:12 !   Orc:2 (![[(*   Shoals:2 *
Shoals:3 [

Portals:
Abyss: Lair:2

Annotations:
D:7 Pikel
D:8 1 runed translucent door, exclusions: door and flayed ghost
Lair:2 2 transporters, makewrite's ghost, journeyman TrFi
Spider:3 exclusion: downstairs
Orc:1 3 runed translucent doors, exclusion: kobold blastminer, Gikes's ghost, journeyman TrFi; Ruqauth's ghost, journeyman VSSh


Innate Abilities, Weirdness & Mutations

You are a creature with a mouth for a stomach.
Your midsection houses a second, enormous mouth.
Your dull iron-grey scales are very hard. (AC +15)
You are amphibious.
You cannot fit into any form of body armour.
You are cold-blooded and may be slowed by cold attacks.


Message History

You block the +4 long sword of draining's attack.
The +1 hand axe of freezing hits you.
* * * LOW HITPOINT WARNING * * *
The +1 hand axe of freezing freezes you.
* * * LOW HITPOINT WARNING * * *
You block the +1 glaive of holy wrath's attack.
The +4 war axe of venom misses you. The +4 long sword of draining hits you!
* * * LOW HITPOINT WARNING * * *
You partially resist.
You feel drained.
* * * LOW HITPOINT WARNING * * *
A deep elf knight comes into view.
You block the +1 hand axe of freezing's attack.
The +1 glaive of holy wrath hits you but does no damage.
The +4 war axe of venom hits you!
* * * LOW HITPOINT WARNING * * *
You are lethally poisoned!
The +4 long sword of draining hits you but does no damage.
You partially resist.
You feel better.
You block the +1 hand axe of freezing's attack.
You block the +1 glaive of holy wrath's attack.
You block the +4 long sword of draining's attack.
The +4 war axe of venom hits you but does no damage.
The +1 hand axe of freezing hits you but does no damage.
You feel yourself speed up.
The +4 long sword of draining misses you.
The +1 glaive of holy wrath hits you from afar.
* * * LOW HITPOINT WARNING * * *
You block the +4 war axe of venom's attack.
You block the +1 hand axe of freezing's attack.
A +2 hand axe of freezing comes into view.
The +4 long sword of draining hits you!
* * * LOW HITPOINT WARNING * * *
You partially resist.
You feel drained.
* * * LOW HITPOINT WARNING * * *
The +4 war axe of venom hits you.
* * * LOW HITPOINT WARNING * * *
The +1 glaive of holy wrath hits you from afar!!
You die...
Your body glows with a rainbow of weird colours and disappears.

##.....##**.##**,****
#...))###############
#......##............
##......#...#.....#..
##...).#..###...###.
##..)..#.## ##.## ##
##.(....'..###...###.
#..(()..'...#.....#..
##..W)..'............
#...(...'...#.....#..
##......'..###...###.
##.....#.## ##)## ##
*#.e...#..###...###.
**......#...#.....#..
*,.....##............
*...(.###############
**....,****,****,****


You could see a deep elf knight and 5 dancing weapons.

Vanquished Creatures
  Bai Suzhen (Shoals:3)
  A kraken (Shoals:1)
  Polyphemus (Shoals:2)
  The ghost of bmj180 the Destroyer, an adept HuCj of Vehumet (Spider:1)
  The ghost of Joboecuu the Fighter, a journeyman MiFi of Okawaru (Elf:1)
  A deep elf sorcerer (Elf:1)
  3 imperial myrmidons
  2 ghost moths
  Louise (Shoals:1)
  An ironbound preserver (Vaults:2)
  6 broodmothers
  A formless jellyfish (Shoals:4)
  A stone giant (Vaults:2)
  5 ironbound thunderhulks
  Nessos (D:15)
  A deep elf annihilator (Elf:1)
  A war gargoyle (Vaults:2)
  A halazid warlock (Desolation)
  2 spark wasps
  A deep elf death mage (Elf:2)
  9 dire elephants
  3 ragged hierophants (Desolation)
  An ettin (D:15)
  2 yaktaur captains (Vaults:1)
  3 crystal guardians
  4 entropy weavers
  6 merfolk impalers
  A fire dragon (Lair:5)
  2 merfolk javelineers
  Harold (D:9)
  7 servants of whispers (Desolation)
  A great orb of eyes (Vaults:2)
  6 peacekeepers
  2 ironbound frosthearts (Vaults:1)
  4 hydras
  19 centaur warriors
  An ice dragon (Lair:5)
  3 jorogumos
  An ogre mage (D:14)
  2 alligator snapping turtles
  4 two-headed ogres
  6 boulder beetles
  Erica (Lair:2)
  2 catoblepae
  5 merfolk aquamancers
  8 death yaks
  14 dancing weapons
  4 demonic crawlers
  A two-headed ogre (shapeshifter) (Elf:1)
  5 tengu warriors
  An occultist (D:15)
  7 deep elf knights
  3 orc high priests (Orc:2)
  Sonja (D:12)
  2 skeletal warriors (D:13)
  6 skysharks
  7 pharaoh ants
  A swamp dragon (Lair:5)
  A sun moth (Spider:2)
  9 sea snakes
  A kraken simulacrum (Shoals:4)
  4 deep elf archers
  An arcanist (Vaults:2)
  16 orb spiders
  4 deep trolls (Vaults:2)
  5 orc knights
  2 lindwurms (Lair:5)
  11 harpies
  20 deep elf pyromancers
  3 ironbound convokers (Desolation)
  11 steelbarb worms
  A necromancer (D:15)
  A faun (shapeshifter) (Vaults:1)
  14 deep elf zephyrmancers
  17 wolf spiders
  5 cyclopes
  4 orc sorcerers (Orc:2)
  11 ugly things
  14 fauns
  3 meliai (D:14)
  2 moths of wrath
  17 manticores
  A black mamba (shapeshifter) (Elf:1)
  7 merfolk sirens
  19 elephants
  4 black mambas
  2 guardian serpents (Desolation)
  7 vault sentinels
  4 kobold blastminers (Orc:2)
  7 water nymphs
  A cane toad (shapeshifter) (Elf:1)
  11 cane toads
  8 torpor snails
  A gargoyle (D:14)
  3 kobold demonologists
  13 komodo dragons
  2 unseen horrors
  3 rime drakes
  15 yaktaurs
  2 tengu conjurers
  Psyche (D:12)
  2 queen bees (Shoals:4)
  3 trolls
  9 hornets
  3 tyrant leeches (Lair:5)
  20 merfolk
  3 polar bears
  7 wind drakes
  A troll (shapeshifter) (Elf:1)
  39 saltlings
  9 blink frogs
  A blink frog (shapeshifter) (Elf:2)
  18 tarantellas
  10 snapping turtles
  37 jumping spiders
  19 slime creatures
  15 culicivoras
  A centaur simulacrum (D:10)
  17 water elementals
  A jumping spider (shapeshifter) (Elf:1)
  A vampire (D:13)
  An air elemental (Elf:2)
  9 wraiths
  7 basilisks
  3 wargs
  54 yaks
  4 wyverns
  A fire elemental (Elf:1)
  A golden eye (Elf:1)
  4 steam dragons
  2 fire bats (D:8)
  A warg (shapeshifter) (Elf:1)
  A human (shapeshifter) (Elf:1)
  38 redbacks
  6 vampire mosquitoes
  12 water moccasins
  3 acid dragons
  16 orc warriors
  2 black bears (Lair:3)
  12 ogres
  4 swamp drakes
  2 ice beasts (Elf:1)
  A black bear (shapeshifter) (D:13)
  3 laughing skulls
  11 centaurs
  2 boggarts
  19 wolves
  A tengu (Elf:1)
  An elf zombie (Ossuary)
  7 kobold brigands
  2 gnoll sergeants
  A brain worm (Vaults:1)
  12 bullfrogs
  2 earth elementals (Elf:1)
  6 scorpions
  2 burial acolytes (Ossuary)
  5 wights (D:7)
  7 killer bees
  A vampire bat (Orc:2)
  13 howler monkeys
  4 electric eels
  21 orc priests
  2 gnoll boudas
  5 hounds
  6 jellies
  Crazy Yiuf (D:5)
  A human zombie (Ossuary)
  2 sleepcaps
  7 iguanas
  20 orc wizards
  6 mummies (Ossuary)
  17 gnolls
  6 adders
  3 shadow imps
  A white imp (D:6)
  2 dart slugs
  3 ribbon worms
  56 orcs
  6 ball pythons
  14 endoplasms
  4 giant cockroaches (D:1)
  4 gnoll zombies (Ossuary)
  8 goblins
  8 hobgoblins
  2 jackals (D:3)
  14 kobolds
  3 quokkas
  19 bats
  2 frilled lizards
  A kobold zombie (Ossuary)
  An orc zombie (Ossuary)
  5 rats
  4 tentacles (Shoals:1)
1230 creatures vanquished.

Vanquished Creatures (collateral kills)
  Agnes (D:13)
  An imperial myrmidon (Desolation)
  2 dire elephants (Vaults:2)
  A war gargoyle (Vaults:2)
  2 merfolk impalers
  An entropy weaver (Spider:1)
  2 great orbs of eyes (Vaults:2)
  A servant of whispers (Desolation)
  A centaur warrior (Vaults:2)
  A dancing weapon (Spider:1)
  2 skeletal warriors (D:13)
  A deep troll (Vaults:2)
  A steelbarb worm (Spider:1)
  2 elephants (Lair:5)
  A merfolk siren (Shoals:3)
  A vault sentinel (Vaults:2)
  2 yaktaurs (Vaults:2)
  4 merfolk (Shoals:3)
  2 saltlings (Desolation)
  3 yaks (Lair:5)
  2 redbacks
  2 water moccasins (Lair:5)
36 creatures vanquished.

Vanquished Creatures (others)
  A deep elf knight (Elf:1)
  An ironbound convoker (Vaults:2)
  A jumping spider (Spider:2)
  A water elemental (Shoals:3)
  An orc wizard (D:8)
  A kobold (D:14)
  10 tentacles (Shoals:1)
16 creatures vanquished.

Grand Total: 1282 creatures vanquished

Notes
Turn   | Place    | Note
-------+----------+-------------------------------------------
     0 | D:1      | seren the Draconian Shapeshifter began the quest for the
                  | Orb.
     0 | D:1      | Reached XP level 1. HP: 16/16 MP: 1/1
   144 | D:1      | Reached XP level 2. HP: 18/23 MP: 2/2
   652 | D:1      | Reached XP level 3. HP: 25/29 MP: 3/3
  1071 | D:2      | Found Peyq's Antique Armour Shop.
  1223 | D:3      | Found an ornate altar of the Wu Jian Council.
  1255 | D:3      | Reached XP level 4. HP: 36/36 MP: 4/4
  2038 | D:4      | Found a white marble altar of Elyvilon.
  2088 | D:4      | Reached XP level 5. HP: 18/42 MP: 5/5
  2640 | D:4      | Reached XP level 6. HP: 51/51 MP: 6/6
  2946 | D:5      | Entered Level 5 of the Dungeon
  3235 | D:5      | Reached skill level 5 in Unarmed Combat
  3296 | D:5      | Your scales start taking on a dull iron-grey colour.
  3296 | D:5      | Reached XP level 7. HP: 42/57 MP: 7/7
  3438 | D:5      | Found Zovaes's Weapon Shop.
  3438 | D:5      | Noticed a +0 quick blade
  3439 | D:5      | Noticed a +0 quick blade
  3460 | D:5      | Reached skill level 5 in Shapeshifting
  3509 | D:5      | Found a runed translucent door.
  3510 | D:5      | Noticed Crazy Yiuf
  3557 | D:5      | Found Visuy's Antique Armour Shop.
  3745 | D:5      | Found Opem's Hydra Hut.
  3753 | D:5      | Noticed a six-headed hydra
  3929 | D:6      | Noticed a steam dragon
  3948 | D:6      | Killed a steam dragon
  3949 | D:6      | Reached XP level 8. HP: 50/67 MP: 8/8
  4035 | D:6      | Identified the +1 robe of Unambiguity {rF+ rN+ MP-9 Slay+2}
  4080 | D:6      | Reached skill level 1 in Evocations
  4510 | D:6      | Found an opulent altar of Gozag.
  4514 | D:6      | Found a blossoming altar of Fedhas.
  4516 | D:6      | Found a shimmering blue altar of Sif Muna.
  4517 | D:6      | Found a sacrificial altar of Ru.
  4518 | D:6      | Found a shimmering altar of Xom.
  4571 | D:6      | Reached skill level 5 in Fighting
  5121 | D:7      | Found an iron altar of Okawaru.
  5162 | D:7      | Found a sand-covered staircase.
  5171 | Ossuary  | Entered an ossuary
  5227 | Ossuary  | Reached XP level 9. HP: 69/74 MP: 9/9
  5335 | Ossuary  | Reached skill level 5 in Dodging
  5562 | D:7      | Found a staircase to the Ecumenical Temple.
  5571 | Temple   | Entered the Ecumenical Temple
  5655 | D:7      | Noticed Pikel
  6711 | D:8      | Reached XP level 10. HP: 75/84 MP: 10/10
  7019 | D:8      | Found a burning altar of Makhleb.
  7026 | D:8      | Found a bloodstained altar of Trog.
  7037 | D:8      | Found a bloodstained altar of Trog.
  7094 | D:8      | Found a runed translucent door.
  7097 | D:8      | Found a snail-covered altar of Cheibriados.
  7104 | D:8      | Found a glowing golden altar of the Shining One.
  7114 | D:8      | Noticed a flayed ghost
  7147 | D:8      | Found a sacrificial altar of Ru.
  7539 | D:5      | Killed Crazy Yiuf
  8164 | D:9      | Reached skill level 10 in Shapeshifting
  8164 | D:9      | Reached XP level 11. HP: 97/97 MP: 11/11
  8165 | D:9      | Reached skill level 10 in Unarmed Combat
  8165 | D:9      | Reached XP level 12. HP: 106/106 MP: 12/12
  8185 | D:9      | Noticed Harold
  8218 | D:9      | Killed Harold
  8515 | D:9      | Reached skill level 10 in Fighting
  8544 | D:9      | Found a staircase to the Orcish Mines.
  8803 | D:9      | Found a sparkling altar of Nemelex Xobeh.
  8811 | D:9      | Became a worshipper of Nemelex Xobeh the Trickster
  8856 | D:9      | Noticed a two-headed ogre
  8866 | D:9      | Killed a two-headed ogre
  9016 | D:9      | Found a shimmering blue altar of Sif Muna.
  9020 | D:9      | Got the Omnibus of Sizzling Jinxing
  9053 | D:10     | Entered Level 10 of the Dungeon
  9286 | D:10     | Noticed a centaur warrior
  9294 | D:10     | Reached skill level 1 in Invocations
  9338 | D:10     | Found Tenesch's Jewellery Shop.
  9341 | D:10     | Bought a ring of see invisible for 150 gold pieces
  9881 | D:10     | Reached * piety under Nemelex Xobeh
 10022 | D:11     | Reached XP level 13. HP: 113/113 MP: 14/14
 10226 | D:11     | Found Zann's Assorted Antiques.
 10229 | D:11     | Identified the +4 ring mail of the Griffon {rPois Int+4}
 10343 | D:11     | Reached skill level 5 in Evocations
 10370 | D:11     | Found a staircase to the Lair.
 10388 | D:11     | Reached skill level 5 in Invocations
 10388 | D:11     | Reached XP level 14. HP: 122/122 MP: 14/17
 10709 | Lair:1   | Entered Level 1 of the Lair of Beasts
 11254 | Lair:1   | Identified the +3 halberd of Eraonn {pain, rElec rC++ Int-2
                  | Dex-5}
 11264 | Lair:1   | Received a gift from Nemelex Xobeh
 11947 | Lair:2   | Noticed Erica
 11957 | Lair:2   | Killed Erica
 12007 | Lair:2   | Found a hole to the Spider Nest.
 12025 | Lair:2   | Reached ** piety under Nemelex Xobeh
 12057 | Lair:2   | Found a staircase to the Shoals.
 12174 | Lair:2   | Received a gift from Nemelex Xobeh
 12179 | Lair:2   | Found a transporter.
 12179 | Lair:2   | Noticed makewrite's ghost (journeyman TrFi)
 12221 | Lair:2   | Found a transporter.
 12348 | Lair:2   | Found a one-way gate to the infinite horrors of the Abyss.
 12587 | Lair:2   | Received a gift from Nemelex Xobeh
 13098 | Lair:2   | Reached skill level 10 in Dodging
 13505 | Lair:3   | Reached *** piety under Nemelex Xobeh
 13505 | Lair:3   | Received a gift from Nemelex Xobeh
 14261 | Lair:4   | Reached skill level 1 in Stealth
 14517 | Lair:4   | Received a gift from Nemelex Xobeh
 14984 | Lair:4   | Found a staircase to the Slime Pits.
 15122 | Lair:4   | Reached **** piety under Nemelex Xobeh
 15122 | Lair:4   | Received a gift from Nemelex Xobeh
 15462 | Lair:5   | Entered Level 5 of the Lair of Beasts
 15536 | Lair:4   | Reached XP level 15. HP: 130/130 MP: 20/20
 16324 | Lair:5   | Identified the +0 hand axe of Karma {heavy, rC+ rCorr Str-3
                  | Int+3}
 16923 | Lair:5   | Received a gift from Nemelex Xobeh
 17205 | D:10     | Bought a ring of poison resistance for 200 gold pieces
 17729 | Lair:5   | Paralysed by a hornet for 2 turns
 18074 | Lair:5   | Reached skill level 1 in Shields
 18382 | Lair:5   | Identified the +1 sling of Conversion {heavy, ^Fragile rC+
                  | Str+6 SInv}
 18611 | Orc:1    | Entered Level 1 of the Orcish Mines
 18670 | Orc:1    | You fall into a shaft and drop 1 floor!
 18670 | Orc:2    | Entered Level 2 of the Orcish Mines
 18858 | Orc:1    | Received a gift from Nemelex Xobeh
 18956 | Orc:2    | Found Dutouph's Antique Weapon Boutique.
 19259 | Orc:1    | Found a runed translucent gate.
 19259 | Orc:1    | Found a runed translucent gate.
 19261 | Orc:1    | Found a runed translucent gate.
 19273 | Orc:1    | Noticed Ruqauth's ghost (journeyman VSSh)
 19273 | Orc:1    | Noticed Gikes's ghost (journeyman TrFi)
 19273 | Orc:1    | Noticed Ruqauth's ghost (journeyman VSSh)
 19567 | Orc:2    | Received a gift from Nemelex Xobeh
 19634 | Orc:2    | Found Alon Xia's Overcharged Wands.
 19685 | Orc:2    | Found a staircase to the Elven Halls.
 20192 | Orc:2    | Found Loxzaylione's Antique Armour Shoppe.
 20327 | Orc:2    | Found Reinomaece's Weapon Shoppe.
 20328 | Orc:2    | Found Hody's Armour Boutique.
 20328 | Orc:2    | Found Kukiskoi's Distillery.
 20346 | Orc:2    | Bought a potion of curing for 48 gold pieces
 20346 | Orc:2    | Bought a potion of curing for 48 gold pieces
 20346 | Orc:2    | Bought a potion of curing for 48 gold pieces
 20346 | Orc:2    | Bought a potion of heal wounds for 80 gold pieces
 20346 | Orc:2    | Bought a potion of curing for 48 gold pieces
 20348 | Orc:2    | Bought a pair of glowing boots for 232 gold pieces
 20348 | Orc:2    | Bought a pair of runed boots for 232 gold pieces
 20367 | Orc:2    | Learned a level 3 spell: Passwall
 20559 | D:12     | Noticed Psyche
 20568 | D:12     | Killed Psyche
 20618 | D:12     | Received a gift from Nemelex Xobeh
 20751 | D:12     | Reached ***** piety under Nemelex Xobeh
 20814 | D:12     | Found Nungamu's Distillery.
 20818 | D:12     | Bought a potion of haste for 110 gold pieces
 20818 | D:12     | Bought a potion of heal wounds for 55 gold pieces
 20818 | D:12     | Bought a potion of curing for 33 gold pieces
 20837 | D:12     | Noticed Sonja
 20861 | D:12     | Killed Sonja
 21398 | D:13     | You fall into a shaft and drop 2 floors!
 21398 | D:15     | Entered Level 15 of the Dungeon
 21399 | D:15     | Found a staircase to the Depths.
 21503 | D:14     | Noticed Agnes
 21571 | D:14     | Received a gift from Nemelex Xobeh
 21619 | D:14     | Reached XP level 16. HP: 141/141 MP: 22/22
 22002 | D:13     | Reached skill level 5 in Stealth
 22485 | D:13     | Reached skill level 5 in Shields
 22503 | D:13     | Received a gift from Nemelex Xobeh
 22693 | D:13     | Identified the -1 quarterstaff "Globulus" {flame, Str+6}
 22699 | D:13     | Killed Agnes
 23492 | D:14     | Found a gate to the Vaults.
 24194 | D:15     | Noticed Nessos
 24210 | D:15     | Killed Nessos
 24768 | Shoals:1 | Entered Level 1 of the Shoals
 25119 | Spider:1 | Entered Level 1 of the Spider Nest
 25620 | Spider:1 | Identified the +1 leather armour of Vlad {^Drain rCorr
                  | Dex+2}
 25728 | D:10     | Bought the ring of the Orange Skies {Dex+6 Slay+2} for 514
                  | gold pieces
 25926 | Spider:1 | Found a runed translucent door.
 25926 | Spider:1 | Found a shimmering altar of Xom.
 25926 | Spider:1 | Noticed bmj180's ghost (adept HuCj)
 26032 | Spider:2 | Received a gift from Nemelex Xobeh
 26679 | Spider:2 | Received a gift from Nemelex Xobeh
 26948 | Spider:2 | Reached XP level 17. HP: 150/150 MP: 24/24
 27159 | Spider:3 | Reached skill level 10 in Invocations
 27193 | Spider:3 | Reached ****** piety under Nemelex Xobeh
 27381 | Spider:3 | Identified the +2 cloak of Huileodi {Regen+ Dex+3}
 27820 | Spider:3 | Paralysed by a jorogumo for 3 turns
 28718 | Spider:3 | Received a gift from Nemelex Xobeh
 28947 | Spider:4 | Entered Level 4 of the Spider Nest
 29327 | Spider:4 | Reached skill level 1 in Earth Magic
 29398 | Spider:4 | Received a gift from Nemelex Xobeh
 29566 | Spider:3 | Reached skill level 15 in Shapeshifting
 30925 | Spider:4 | Identified the +6 dagger of the Rat {vamp, rC- rN+ Will+}
 31551 | Spider:4 | Got a gossamer rune of Zot
 32025 | Shoals:1 | Received a gift from Nemelex Xobeh
 32320 | Shoals:1 | Identified the +1 tower shield "Ciesifal" {Harm SInv
                  | Stlth+}
 32320 | Shoals:1 | Noticed Louise
 32329 | Shoals:1 | Killed Louise
 32609 | Shoals:1 | Noticed a kraken
 32664 | Shoals:1 | Killed a kraken
 32786 | Shoals:2 | Received a gift from Nemelex Xobeh
 32912 | Shoals:2 | Reached XP level 18. HP: 155/160 MP: 26/26
 32972 | Shoals:2 | Upgraded the game from 0.32-a0-12-g7fc57aa741 to
                  | 0.32-a0-17-gb74e046682
 33252 | Shoals:2 | Received a gift from Nemelex Xobeh
 33261 | Shoals:2 | Noticed Polyphemus
 33274 | Shoals:2 | Killed Polyphemus
 33458 | Shoals:2 | Found Nuotar's Mayhem Merchandise.
 34022 | Shoals:3 | Received a gift from Nemelex Xobeh
 34028 | Shoals:3 | Got the Secrets of Arson
 34179 | Shoals:3 | Found Godimit's Armour Shoppe.
 34192 | Shoals:3 | Noticed Bai Suzhen
 34217 | Shoals:3 | Killed Bai Suzhen
 34414 | Shoals:3 | Identified the +2 trident of Laceration {venom, rF+}
 34577 | Shoals:4 | Entered Level 4 of the Shoals
 34657 | Shoals:4 | Received a gift from Nemelex Xobeh
 34792 | Shoals:4 | Identified the +11 shadow dragon scales "Jehyis Vem" {-Tele
                  | Rampage +Inv rN+ Dex+2 Stlth++++}
 34888 | Shoals:4 | Identified the amulet of Qazlal's Esteem {RegenMP +Blink
                  | MP+9}
 35067 | Shoals:4 | Identified the ring of Rabrieg {Fly MP-9 Int+7}
 35512 | Shoals:4 | Identified the +1 sling "Qasch" {speed, +Blink Int-2 Dex+2}
 35942 | Shoals:4 | Got a barnacled rune of Zot
 36155 | Spider:1 | Killed bmj180's ghost
 36160 | Spider:1 | Identified the amulet of Contentment {Spirit rC++ Will-}
 36163 | Spider:1 | Identified the +6 scimitar "Fixijob" {drain, Dex+2}
 36953 | Vaults:1 | Entered Level 1 of the Vaults
 36953 | Vaults:1 | Received a gift from Nemelex Xobeh
 37043 | Vaults:1 | Reached skill level 10 in Shields
 37055 | Vaults:1 | Identified the +4 scale mail of the Enchanted Forest {Int+3
                  | Dex+3 SInv}
 37167 | Vaults:1 | Reached skill level 15 in Fighting
 38113 | Vaults:1 | Received a gift from Nemelex Xobeh
 38313 | Vaults:1 | Reached XP level 19. HP: 170/170 MP: 27/27
 38963 | Vaults:2 | Reached skill level 15 in Dodging
 39740 | Elf:1    | Entered Level 1 of the Elven Halls
 40150 | Elf:1    | Identified the +11 mace "Kidd" {flame, rN+}
 40209 | Elf:1    | Received a gift from Nemelex Xobeh
 40672 | Elf:1    | Found a runed translucent door.
 40672 | Elf:1    | Noticed Joboecuu's ghost (journeyman MiFi)
 40775 | Elf:1    | Killed Joboecuu's ghost
 41314 | Elf:1    | Reached skill level 15 in Unarmed Combat
 41657 | Elf:1    | Got Atis's Catalogue of the Ouroboros
 41829 | Elf:2    | Found a crumbling gateway.
 41843 | Desolati | Entered the Desolation of Salt
 42614 | Desolati | Received a gift from Nemelex Xobeh
 42615 | Desolati | Found the dreamshard necklace {Acrobat *Dream}
 42644 | Desolati | Got Sif Muna's Codex of Orientation and Breccia
 42650 | Desolati | Got Wudgh's Codex of Blows and the Panacea
 42655 | Desolati | Got Petwates's Volume of Summoned Malignant Acts
 42807 | Desolati | Identified the +1 arbalest of Coamanio {freeze, *Slow Int+4
                  | SInv}
 42835 | Desolati | Identified the +4 scimitar "Jiacroen" {vamp, rN++ Str-4
                  | Dex+5}
 42836 | Desolati | Identified the +10 hand axe of Integrity {flame, +Blink
                  | rPois}
 43372 | Desolati | Identified the +0 chain mail "Qoileum" {rPois rF- Regen+
                  | Str+7}
 43437 | Desolati | Reached XP level 20. HP: 125/180 MP: 29/29
 43639 | Elf:2    | Upgraded the game from 0.32-a0-17-gb74e046682 to
                  | 0.32-a0-18-g89e19f1974
 43909 | Elf:2    | Paralysed by an air elemental for 1 turns
 43998 | Elf:2    | Received a gift from Nemelex Xobeh
 44193 | Elf:2    | Got Sif Muna's Tome of Supportive Mortification
 44261 | Elf:2    | Found a huge runed translucent gate.
 44267 | Elf:2    | Found a huge runed translucent gate.
 44267 | Elf:2    | Found a huge runed translucent gate.
 44267 | Elf:2    | Found a huge runed translucent gate.
 44279 | Elf:2    | Found a huge runed translucent gate.
 44557 | Elf:2    | HP: 5/176 [+4 long sword of draining (8)]
 44557 | Elf:2    | HP: 2/174 [+4 war axe of venom (2)]
 44557 | Elf:2    | Demolished by a +1 glaive of holy wrath

Illustrated notes

Levels and vault maps discovered:
D:1:      ncdulo_watergridlock, layout_loops_ring, minmay_misc_feat_doors,
          serial_park_tiny_pond
D:2:      layout_basic, serial_shops, nicolae_shop_window_shopping
D:3:      layout_rooms, mainiacjoe_overflow_24_doors
D:4:      layout_basic, lemuel_tele_altar, minmay_misc_feat_diagonals
D:5:      layout_rooms, serial_shops, nicolae_shop_mannequins,
          nicolae_inconvenience_store, doesnt_shop_hydraphobe,
          uniq_crazy_yiuf_cottage
D:6:      layout_loops_ring, minitemple, kennysheep_minor_cross,
          roderic_lattice_a, hangedman_decor_peaks_small
D:7:      layout_loops_ring, okawaru_gym_becter,
          minmay_temple_entry_stoned_glass, nicolae_ossuary_entry_plus,
          uniq_pikel
D:8:      due_megacathedral, layout_loops_ring
D:9:      layout_loops_ring, nemelex_xobeh_ov_fountains_minmay, erik_orc_3,
          serial_library, serial_library_hellmonk_secret_room,
          serial_library_hellmonk_narrow_alcove,
          serial_library_hellmonk_small_corner,
          serial_library_hellmonk_big_corner, serial_library_hellmonk_hallway_b,
          serial_library_regret_index_branch_corner,
          serial_library_regret_index_double_sided,
          serial_library_hellmonk_filled_rooms, serial_library_hellmonk_room_b,
          serial_library_regret_index_double_sided, uniq_harold
D:10:     minmay_bloctagon_deflated, layout_stronghold, serial_shops, shop,
          minmay_hedge_maze
D:11:     layout_rooms, david_lair_shrubbed, serial_shops, shop,
          kennysheep_generic_room_7
D:12:     layout_roguey, serial_shops, nicolae_shop_back_alley_shop,
          uniq_psyche, uniq_sonja
D:13:     layout_gridville
D:14:     layout_grid_maze, hangedman_vaults_entry_quadrant_bands,
          minmay_tree_intersection, uniq_agnes
D:15:     hangedman_depths_entry_civil_slaughter, layout_basic,
          serial_park_fountain, minmay_strange_pillars, uniq_nessos
Temple:   nicolae_temple_bog_church
Lair:1:   layout_cave_pods, grunt_megastairs_2
Lair:2:   layout_cave_pods, elwin_shoals_entry_rocks,
          nicolae_spider_entry_orb_guardian, gammafunk_ghost_abyssal_escape,
          uniq_erica
Lair:3:   layout_gridlike, serial_forest, infiniplex_forest_clump_small,
          infiniplex_forest_straight_2, infiniplex_forest_zigzag_2,
          infiniplex_forest_end_2, infiniplex_forest_clump_medium,
          beast_lair_carwin_11, infiniplex_staircase_pool_2,
          serial_bayou_shore_a
Lair:4:   layout_regular_city, nicolae_slime_entry_slimehenge,
          grunt_megastairs_1
Lair:5:   wormcave, layout_cave_pods, guppyfry_lair_end_dragon,
          chequers_serial_rivers_small_3, nzn_sisyphean_effort,
          lemuel_fruit_fields
Shoals:1: layout_shoals, nicolae_shoals_square_sea_wall, uniq_louise
Shoals:2: layout_shoals, minmay_shop_mayhem, yaktaur_hedge, uniq_polyphemus
Shoals:3: layout_shoals, serial_shops, nicolae_shop_trees, uniq_bai_suzhen
Shoals:4: shoals_end_grunt_ice, layout_shoals
Spider:1: layout_spider_delve, ebering_ghost_xom
Spider:2: layout_spider_delve
Spider:3: layout_spider_delve
Spider:4: hellmonk_spider_rune_endless_swarm
Orc:1:    layout_diamond_mine, gammafunk_ghost_cemetery, lightli_church_of_beogh
Orc:2:    st_orc_elflike, layout_diamond_mine, serial_shops,
          nicolae_shop_hallway_stairs, roderic_batcave, lemuel_statue_altar,
          nicolae_shop_overcharged_wands
Elf:1:    elf_arrival_002, layout_geoelf_grid, gammafunk_ghost_grave,
          nicolae_elf_shapeshifter_party
Elf:2:    elven_hall_of_blades_hangedman_alternative
          [nicolae_blade_entry_diamond_columns], layout_loops_corners,
          portal_desolation_entry_nicolae_nacl
Vaults:1: nicolae_vaults_ninety_degrees, ontoclasm_vaults_spin,
          vaults_dpeg_diagonal, hangedman_vaults_cutoff, vaults_dpeg_doors,
          nicolae_vaults_apartment_1, nicolae_vaults_surprise_closet,
          nicolae_vaults_cornered_office, v_misc_14, nicolae_vaults_tangram_2,
          nicolae_vaults_yaktaur_gun_rack, nicolae_vaults_shelves_hall,
          nicolae_vaults_diamond_1, layout_vaults_omnicross
Vaults:2: vaults_room_boxed, grunt_vaults_hallway_short, v_rooms_5,
          nicolae_vaults_storage_closets_1, v_pattern_3, grunt_vaults_trifunnel,
          nicolae_vaults_diamond_1, nicolae_vaults_taking_the_gang_shopping,
          nicolae_vaults_diamond_2, ontoclasm_vaults_shout,
          ontoclasm_vaults_pinch, v_misc_15, vaults_room_semicircle,
          layout_vaults_omnibox, serial_shops, shop, shop,
          nicolae_shop_hallway_plus, shop

Skill      XL: |  1  2  3  4  5  6  7  8  9 10 11 12 13 14 15 16 17 18 19 20 |
---------------+-------------------------------------------------------------+-----
Dodging        | 2 3 4 5 7 8 10 12 13 14 15 16 | 16.0
Fighting       | 2 3 4 5 6 9 10 11 12 13 14 15 16 | 16.1
Unarmed Combat | 4 5 6 8 10 11 12 13 14 15 | 15.4
Shapeshifting  | 4 5 6 8 10 11 13 14 15 16 | 16.4
Evocations     | 2 3 4 5 6 |  6.1
Invocations    | 1 5 7 8 9 10 11 13 | 13.1
Stealth        | 2 4 6 7 8 |  8.0
Shields        | 4 7 8 10 12 | 12.7
Earth Magic    | 1 |  1.2
Spellcasting   | |  0.8

Action                     |  1- 3 |  4- 6 |  7- 9 | 10-12 | 13-15 | 16-18 | 19-21 || total
---------------------------+-------+-------+-------+-------+-------+-------+-------++-------
  Melee: Unarmed           |   126 |   139 |   396 |   321 |  1194 |  1779 |   742 ||  4697
         Tailslap          |    12 |    18 |    72 |    66 |   258 |   390 |   141 ||   957
         Punch             |     3 |     6 |       |     9 |    76 |       |       ||    94
         Maw               |       |       |       |    53 |   490 |   742 |   280 ||  1565
  Throw: Dart              |       |       |       |     5 |     5 |    17 |       ||    27
 Invoke: Draw Destruction  |       |       |       |       |    16 |    20 |    11 ||    47
         Draw Summoning    |       |       |       |       |     2 |    15 |     5 ||    22
         Triple Draw       |       |       |       |       |     1 |       |     1 ||     2
         Draw Escape       |       |       |       |       |       |     1 |     4 ||     5
Ability: Begin Untransform |       |     1 |     1 |       |       |       |       ||     2
  Evoke: Wand              |       |       |       |     1 |    13 |    18 |     1 ||    33
    Use: Scroll            |     5 |       |     6 |     7 |    12 |    10 |     5 ||    45
         Potion            |       |     1 |     3 |     2 |     1 |     5 |    10 ||    22
   Stab: Sleeping          |     2 |       |       |       |     3 |    19 |    14 ||    38
         Paralysed         |       |       |       |     7 |    14 |       |     3 ||    24
         Distracted        |       |       |       |       |     1 |     3 |     4 ||     8
         Petrified         |       |       |       |       |       |     2 |     3 ||     5
         Petrifying        |       |       |       |       |       |     1 |     2 ||     3
 Armour: Skin              |    51 |    69 |   152 |   141 |   590 |  1021 |   416 ||  2440
  Dodge: Dodged            |    61 |    67 |   235 |   239 |   725 |  1210 |   518 ||  3055
  Block: Other             |       |       |       |       |   100 |       |     1 ||   101
         Buckler           |       |       |       |       |   132 |   551 |       ||   683
         Reflection        |       |       |       |       |     6 |   108 |    28 ||   142
         Kite shield       |       |       |       |       |       |   874 |   759 ||  1633
   Form: Flux              |       |     1 |     1 |       |       |     1 |       ||     3
         Maw               |       |       |       |     1 |       |     1 |       ||     2
         Dragon            |       |       |       |       |       |     1 |       ||     1

Table legend: (Time is in decaauts)
 A = Elapsed time spent in this place.
 B = Non-inter-level travel time spent in this place.
 C = Inter-level travel time spent in this place.
 D = Time resting spent in this place.
 E = Time spent auto-exploring this place.
 F = Levels seen in this place.
 G = Mean time per level.
                   A        B        C        D        E       F      G
               +--------+--------+--------+--------+--------+-----+--------+
         Total |  43901 |  39844 |   4057 |   6627 |  16015 |  37 | 1186.5 |
       Dungeon |  15119 |  13394 |   1725 |   1633 |   7601 |  15 | 1007.9 |
        Temple |     57 |     48 |      9 |      0 |      0 |   1 |   57.0 |
          Lair |   8819 |   7732 |   1087 |   1395 |   3532 |   5 | 1763.8 |
        Shoals |   4271 |   3992 |    279 |     71 |   1239 |   4 | 1067.8 |
   Spider Nest |   6410 |   5835 |    575 |   1644 |   1263 |   4 | 1602.5 |
  Orcish Mines |   1990 |   1904 |     86 |    245 |    608 |   2 |  995.0 |
   Elven Halls |   2795 |   2668 |    127 |    442 |   1160 |   2 | 1397.5 |
        Vaults |   2345 |   2178 |    167 |    326 |    566 |   2 | 1172.5 |
       Ossuary |    346 |    346 |      0 |     47 |      0 |   1 |  346.0 |
    Desolation |   1745 |   1745 |      0 |    824 |     46 |   1 | 1745.0 |
               +--------+--------+--------+--------+--------+-----+--------+

Top non-repeatable levels by time:
  Lair:5: 2656 daAuts
Spider:3: 2491 daAuts
  Lair:2: 2359 daAuts
   Elf:1: 1838 daAuts
Desolation: 1745 daAuts
Vaults:1: 1716 daAuts
Spider:4: 1683 daAuts
     D:9: 1534 daAuts
  Lair:1: 1500 daAuts
Shoals:4: 1468 daAuts
    D:14: 1463 daAuts
   Orc:2: 1372 daAuts
     D:4: 1366 daAuts
    D:13: 1210 daAuts
Shoals:2: 1198 daAuts
